 Dungeon Crawl Stone Soup version 0.27.1-3-gb3d3a73c9e (webtiles) character file.

Game seed: 6900576172684650457

6581 MajorAdolf the Fighter (level 11, -10/115 HPs)
             Began as a Naga Wanderer on Oct 15, 2021.
             Mangled by a slime creature (15 damage)
             ... on level 8 of the Dungeon on Oct 16, 2021.
             The game lasted 00:37:34 (14783 turns).

MajorAdolf the Fighter (Naga Wanderer)             Turns: 14783, Time: 00:37:35

Health: -10/115    AC:  9    Str: 24    XL:     11   Next: 1%
Magic:  11/11      EV:  9    Int: 13    God:
Gold:   107        SH:  0    Dex: 10    Spells: 10/10 levels left

rFire    . . .     SeeInvis +   g - +5 war axe
rCold    . . .     Faith    .   (no shield)
rNeg     . . .     Spirit   .   e - +0 robe
rPois    +         Reflect  .   F - +0 helmet
rElec    .         Harm     .   (no cloak)
rCorr    .         Rampage  .   (no gloves)
Will     .....                  (no barding)
Stlth    ++++......             (no amulet)
HPRegen  0.29/turn              h - +4 ring of protection
MPRegen  0.12/turn              t - +6 ring of strength

@: weak-willed, hasted, quick
A: AC +3, large, see invisible, deformed body, poison resistance, slowness 2,
spit poison 1, naga tail 1
a: Spit Poison


You were on level 8 of the Dungeon.
You visited 2 branches of the dungeon, and saw 9 of its levels.
You also visited: Ossuary.

You collected 345 gold pieces.
You spent 238 gold pieces at shops.

Inventory:

Hand Weapons
 d - a +4 long sword
 g - a +5 war axe (weapon)
 j - a +1 dagger of draining
 C - a +2 flail of protection
Missiles
 r - 2 throwing nets
Armour
 e - a +0 robe (worn)
 F - a +0 helmet (worn)
Jewellery
 h - a +4 ring of protection (left hand)
 i - an amulet of faith
 q - a ring of magical power
 t - a +6 ring of strength (right hand)
 v - a ring of resist corrosion
 B - a ring of magical power
Wands
 b - a wand of polymorph (9)
 x - a wand of flame (7)
 y - a wand of acid (13)
 z - a wand of iceblast (4)
Scrolls
 c - 2 scrolls of noise
 m - 3 scrolls of immolation
 p - 3 scrolls of brand weapon
 w - 4 scrolls of amnesia
Potions
 a - 2 potions of mutation
 k - a potion of haste
 l - 2 potions of resistance {unknown}
 o - 2 potions of ambrosia {unknown}
 A - a potion of flight {unknown}
 E - a potion of attraction {unknown}


   Skills:
 + Level 12.4 Fighting
 - Level 1.0 Staves
 - Level 10.6 Stealth
 - Level 2.0 Unarmed Combat
 + Level 9.4 Evocations


You had 10 spell levels left.
You didn't know any spells.
Your spell library contained the following spells:

 Spells                   Type           Power      Damage    Failure   Level
 Frozen Ramparts          Ice            0%         1d2       67%         3
 Ice Form                 Ice/Tmut       0%         N/A       97%         4
 Summon Ice Beast         Ice/Summ       0%         N/A       97%         4


Dungeon Overview and Level Annotations

Branches:
Dungeon (8/15)             Temple (1/1) D:7         Ossuary (visited)
   Lair: D:8-11

Altars:
Ashenzari
Cheibriados
Dithmenos
Elyvilon
Fedhas
Kikubaaqudgha
Makhleb
Nemelex Xobeh
Qazlal
Sif Muna
Trog
Vehumet
Xom
Yredelemnul
Zin
The Shining One

Shops:
D:6 *   D:7 (

Annotations:
D:3 2 runed translucent doors
D:6 exclusion: downstairs


Innate Abilities, Weirdness & Mutations

Your serpentine skin is tough. (AC +3)
You have supernaturally acute eyesight. (SInv)
Armour fits poorly on your strangely shaped body.
Your system is resistant to poisons. (rPois)
You cover ground very slowly.
You can spit poison.
You have a snake-like lower body.


Message History

The kobold brigand hits you but does no damage.
Two slime creatures merge to form a large slime creature.
Okay, then.
Okay, then.
Okay, then.
Welcome back, MajorAdolf the Naga Wanderer.
Press ? for a list of commands and other information.
Okay, then.
Okay, then.
As you read the scroll labelled FELOSA CADIT, it crumbles to dust.
It is a scroll of amnesia.
You feel forgetful for a moment.
The kobold brigand hits you with a +0 short sword.
* * * LOW HITPOINT WARNING * * *
As you read the scroll labelled ROIZ HEQUETSA, it crumbles to dust.
You hear a loud clanging noise!
It was a scroll of noise.
You hear a shout! x6; You hear an angry buzzing noise.
A large slime creature splits.
The kobold brigand hits you but does no damage.
Unknown command.
It was a potion of haste.
You feel yourself speed up. The slime creature hits you!
* * * LOW HITPOINT WARNING * * *
The kobold brigand hits you with a +0 short sword.
* * * LOW HITPOINT WARNING * * *
The slime creature hits you!
* * * LOW HITPOINT WARNING * * *
Okay, then.
Okay, then.
As you read the scroll labelled ADWO ULAXZITOG, it crumbles to dust.
Magic quickly surges around you.
It was a scroll of vulnerability.
The slime creature hits you.
* * * LOW HITPOINT WARNING * * *
The kobold brigand hits you with a +0 short sword.
* * * LOW HITPOINT WARNING * * *
As you read the scroll labelled OLEDGH WINE, it crumbles to dust.
You feel aware of your surroundings.
You sensed 2 altars.
It was a scroll of magic mapping.
The slime creature hits you!
You die...

,,,,,,,,,*,*,**** **,*,*,***#..Y#
,,,,>,,,,**,**#.#**,**,*,,*#....)
,,,,,,,,,,*,,,...,,,**,*#........
****,,,,,,****#.#****,,,#....Y...
,,,***,,,,,*,,...,,**,,,##.......
,,,,*****,,*###.##**,,**,#..#..Y/
,,,,,* *,,,*..TH,**,,,*,##.#....
,,,,,****,,,*##J##****,***#......
***,,,**,,*,,#.J@#*,,*,,***#(....
8,**^,**,**,,##K##,,,**,,*,#...Y.
,,,**,,*,**,,,#.#*,,,,,,,,,#.....
**,,**,****,,,###***########.#.Y.
,**,,*,,***,,,.,,,,,.........##..
,≈**,**,**,,,,...,,,###........<.
*,,*,,*,*,,,,,.....##............
*,,*,,*,*,***,..............÷....
,≈**,**,*,,,,,......##..#..####..


You could see 2 slime creatures, a troll (weak-willed) and a kobold brigand
(weak-willed).

Vanquished Creatures
  Pikel (D:6)
  2 ugly things
  A hornet (D:8)
  Sigmund (D:2)
  6 yaks
  A wyvern (D:5)
  2 vampire mosquitoes
  Menkaure (D:6)
  Edmund (D:4)
  3 water moccasins
  2 orc warriors (D:7)
  Purgy (D:4)
  A necrophage (D:5)
  A black bear (D:4)
  3 sky beasts
  An ice beast (D:7)
  An ogre (D:5)
  2 centaurs
  A phantom (D:5)
  2 kobold brigands (D:8)
  Blork the orc (D:4)
  A scorpion (D:6)
  2 bullfrogs
  5 water moccasin zombies (Ossuary)
  A wyvern zombie (D:7)
  6 wights
  2 killer bees (D:8)
  2 centaur zombies (D:6)
  A bullfrog zombie (D:6)
  2 orc priests (D:3)
  2 hounds (D:6)
  4 jellies
  A centaur skeleton (D:6)
  2 bullfrog skeletons
  Ijyb (D:5)
  4 iguanas
  An orc wizard (D:7)
  2 hound skeletons
  2 mummies (Ossuary)
  6 gnolls
  A howler monkey skeleton (D:6)
  14 adders
  A white imp (D:4)
  2 ufetubi (D:5)
  2 adder zombies (Ossuary)
  A worm (D:4)
  2 dart slugs
  11 orcs
  5 bats
  4 endoplasms
  6 giant cockroaches
  4 gnoll zombies (Ossuary)
  7 goblins
  4 hobgoblins
  7 jackals
  11 kobolds
  2 quokkas
  4 ball pythons
  2 frilled lizards
  4 hobgoblin zombies (Ossuary)
  6 kobold zombies (Ossuary)
  4 orc zombies (Ossuary)
  6 rats
192 creatures vanquished.

Notes
Turn   | Place    | Note
-------+----------+-------------------------------------------
     0 | D:1      | MajorAdolf the Naga Wanderer began the quest for the Orb.
     0 | D:1      | MajorAdolf set off with the following items: a +0 club, a
                  | potion of berserk rage, a potion of lignification, a potion
                  | of curing, a +0 robe, a scroll of blinking
     0 | D:1      | Reached XP level 1. HP: 25/25 MP: 1/1
   116 | D:1      | Reached XP level 2. HP: 32/32 MP: 2/2
   645 | D:2      | Reached XP level 3. HP: 39/39 MP: 3/3
  1187 | D:2      | Reached XP level 4. HP: 48/48 MP: 4/4
  1269 | D:2      | Noticed Sigmund
  1543 | D:2      | Killed Sigmund
  1544 | D:2      | Reached skill level 6 in Fighting
  1544 | D:2      | Reached XP level 5. HP: 22/56 MP: 5/5
  1544 | D:2      | Reached XP level 6. HP: 24/63 MP: 6/6
  2188 | D:3      | Found a large runed translucent door.
  2196 | D:3      | Found a large runed translucent door.
  2201 | D:3      | Found a shimmering altar of Xom.
  3030 | D:3      | Found a faded altar of an unknown god.
  3221 | D:4      | Noticed Purgy
  3493 | D:4      | Reached skill level 7 in Fighting
  3594 | D:4      | Noticed Edmund
  3708 | D:4      | Noticed a black bear
  3753 | D:4      | Noticed Blork the orc
  3783 | D:5      | Entered Level 5 of the Dungeon
  3934 | D:5      | Reached XP level 7. HP: 54/72 MP: 7/7
  3939 | D:5      | Noticed a wyvern
  3950 | D:5      | Killed a wyvern
  4038 | D:5      | Reached skill level 8 in Fighting
  4044 | D:5      | Found a sand-covered staircase.
  4048 | D:5      | Noticed Ijyb
  4088 | D:5      | Killed Ijyb
  4106 | Ossuary  | Entered an ossuary
  4570 | Ossuary  | Reached XP level 8. HP: 66/81 MP: 8/8
  4982 | Ossuary  | Reached skill level 10 in Stealth
  5897 | D:6      | Reached skill level 9 in Fighting
  6552 | D:6      | Found a white marble altar of Elyvilon.
  7119 | D:7      | Noticed a purple ugly thing
  7142 | D:7      | Found Ogix's Antique Weapon Shoppe.
  7267 | D:6      | Reached XP level 9. HP: 74/92 MP: 9/9
  7480 | D:6      | Noticed Pikel
  7505 | D:6      | Killed Pikel
  7506 | D:6      | Reached skill level 10 in Fighting
  7783 | D:6      | Found Paipie's Assorted Antiques.
  7801 | D:6      | Bought a potion of curing for 60 gold pieces
  7801 | D:6      | Bought an ivory wand for 80 gold pieces
  7801 | D:6      | Bought a wand of iceblast (9) for 80 gold pieces
  7801 | D:6      | Bought a bubbling purple potion for 18 gold pieces
  7858 | D:6      | Reached skill level 5 in Evocations
  7858 | D:6      | Found a snail-covered altar of Cheibriados.
  8383 | D:6      | Noticed Menkaure
  8388 | D:6      | Killed Menkaure
  9060 | D:4      | Found a burning altar of Makhleb.
  9357 | D:4      | Killed Purgy
  9694 | D:4      | Killed Edmund
  9700 | D:4      | Killed Blork the orc
 10216 | D:4      | Reached XP level 10. HP: 91/103 MP: 10/10
 10353 | D:3      | Reached skill level 11 in Fighting
 11345 | D:7      | Found a staircase to the Ecumenical Temple.
 11359 | Temple   | Entered the Ecumenical Temple
 12201 | D:7      | Killed a purple ugly thing
 12746 | D:8      | Noticed a purple ugly thing
 12767 | D:8      | Killed a purple ugly thing
 14047 | D:8      | Reached skill level 12 in Fighting
 14301 | D:8      | HP: 5/106 [vampire mosquito (8)]
 14761 | D:8      | Reached XP level 11. HP: 9/115 MP: 11/11
 14761 | D:8      | HP: 1/115 [killer bee (7)]
 14777 | D:8      | Noticed a fenstrider witch
 14782 | D:8      | HP: 5/115 [kobold brigand (5)]
 14783 | D:8      | Mangled by a slime creature

Illustrated notes

Levels and vault maps discovered:
D:1:      dpeg_arrival_long_road, layout_basic
D:2:      layout_basic, uniq_sigmund
D:3:      due_chaos_kobolds, layout_rooms, hellmonk_ecumenical_altar_run_dry,
          hangedman_decor_clover_reticule
D:4:      layout_basic, mainiacjoe_overflow_concentric_impassable, uniq_purgy,
          uniq_blork_the_orc, uniq_edmund
D:5:      layout_basic, enter_ossuary_1, serial_glass, glass_columns_a,
          glass_columns_b, uniq_ijyb
D:6:      layout_rooms, elyvilon_altar_1, marbit_many_paths, serial_shops,
          nicolae_square_shop, uniq_menkaure, uniq_pikel
D:7:      layout_rooms, minmay_temple_entry_hall, serial_shops, shop
D:8:      minmay_the_grid_triangle_9x9_rhombus_thin
          [minmay_the_grid_triangle_9x9_skeleton,
          minmay_the_grid_triangle_9x9_prize_schism,
          minmay_the_grid_triangle_9x9_negative_grid,
          minmay_the_grid_triangle_9x9_thin_v], layout_layer_cave,
          mainiacjoe_overflow_surrounded_room, amcnicky_altar_gilded,
          nzn_random_ring
Temple:   cyrus_circular_temple

Skill      XL: |  1  2  3  4  5  6  7  8  9 10 |
---------------+-------------------------------+-----
Stealth        | 2 3 6 7 9 10 | 10.6
Fighting       | 6 7 8 9 10 12 | 12.4
Evocations     | 3 6 9 |  9.4
Staves         | |  1.0
Unarmed Combat | |  2.0

Action                   |  1- 3 |  4- 6 |  7- 9 | 10-12 || total
-------------------------+-------+-------+-------+-------++-------
Melee: Dagger            |    23 |    92 |   349 |       ||   464
       Punch             |       |     2 |     8 |     1 ||    11
       Long sword        |       |       |    43 |       ||    43
       War axe           |       |       |    29 |   168 ||   197
 Abil: Spit Poison       |    34 |    46 |    40 |    26 ||   146
Evoke: Wand              |       |     4 |     7 |     9 ||    20
  Use: Scroll            |       |     4 |     2 |     6 ||    12
       Potion            |       |       |    10 |     4 ||    14
 Stab: Sleeping          |     2 |     1 |     8 |     1 ||    12
Armor: Robe              |    21 |    51 |   194 |   111 ||   377
       Skin              |       |       |    34 |       ||    34
Dodge: Dodged            |    19 |    45 |   218 |   115 ||   397
       Rpst.: Long sword |       |       |     4 |       ||     4
